 Dungeon Crawl Stone Soup version 0.20.0-15-g7f486f2 (webtiles) character file.

59 HexTechBomber the Skirmisher (level 3, 0/36 HPs)
             Began as a Troll Fighter on June 19, 2017.
             Slain by a kobold
             ... wielding a +0 club
              (2 damage)
             ... on level 2 of the Dungeon.
             The game lasted 00:09:23 (1681 turns).

HexTechBomber the Skirmisher (Troll Fighter)        Turns: 1681, Time: 00:09:24

Health: 0/36       AC:  5    Str: 30    XL:     3   Next: 78%
Magic:  2/2        EV:  8    Int:  4    God:
Gold:   28         SH:  9    Dex:  9    Spells: 2/2 levels left

rFire    . . .     SeeInvis .   w - +0 dagger (holy)
rCold    . . .     Gourm    +   c - +0 shield
rNeg     . . .     Faith    .   b - +0 robe
rPois    .         Spirit   .   (helmet restricted)
rElec    .         Reflect  .   (no cloak)
rCorr    .         Harm     .   (gloves unavailable)
MR       .....                  (boots unavailable)
Stlth    +.........             (no amulet)
Regen    0.6/turn               (no ring)
MPRegen  0.1/turn               (no ring)

@: mighty, lethally poisoned (0 -> 0)
A: unfitting armour, claws 3, fast metabolism 3, gourmand, regeneration 1,
shaggy fur 1, tough skin 2
a: no special abilities


You were on level 2 of the Dungeon.
You were very full.

You visited 1 branch of the dungeon, and saw 2 of its levels.

You collected 28 gold pieces.

Inventory:

Hand Weapons
 a - a +0 war axe
 f - a +0 club
 g - a +0 whip
 j - a +0 club
 l - a +0 club
 t - a +0 dagger
 u - a +0 mace
 w - a +0 dagger of holy wrath (weapon)
 x - a +0 hunting sling
Missiles
 e - 8 javelins (quivered)
 p - 38 stones
 q - 5 large rocks
 s - 6 sling bullets
Armour
 b - a +0 robe (worn)
 c - a +0 shield (worn)
 k - a +0 ring mail
 n - a +0 ring mail
 r - a +0 ring mail
Scrolls
 o - a scroll of fear {unknown}
 v - a scroll of identify
Comestibles
 h - 3 fruits
 i - a royal jelly
 m - 7 chunks of flesh


   Skills:
 + Level 2.9 Fighting
 + Level 2.3 Axes
 + Level 2.7 Dodging
 + Level 2.7 Shields


You had 2 spell levels left.
You didn't know any spells.

Dungeon Overview and Level Annotations

Branches:
Dungeon (1/15)

Altars:


Innate Abilities, Weirdness & Mutations

You are too large for most types of armour.
You have claws for hands.
Your metabolism is lightning-fast.
You like to eat raw meat.
Your natural rate of healing is unusually fast.
You are covered in fur. (AC +1)
You have very tough skin. (AC +2)


Message History

You feel sick. You block the kobold's attack.
The goblin hits you but does no damage.
You hit the kobold.
You kill the kobold!
You feel sick. The goblin closely misses you. You block the goblin's attack.
The kobold hits you but does no damage.
You see here a club.
You closely miss the goblin.
You feel sick. You block the goblin's attack. You block the kobold's attack.
Your shield prevents you from hitting the goblin.
You feel sick. You block the goblin's attack.
The kobold hits you but does no damage.
You barely miss the goblin. The goblin hits you but does no damage.
You block the kobold's attack.
You completely miss the goblin.
You feel sick. The goblin closely misses you. You block the kobold's attack.
You puncture the goblin!
You kill the goblin!
You feel sick. The kobold hits you with a club.
You die...

#.... #.#.### .
#.#...##.. # #.#.#...
#.#.#..>? #####.#.#..#
.......††.K# .#
#.#.(@.# #.# #......#
##.# #......# ##.#
#......# ##..##
#.##.#...#####.
#....####.....÷.......
##..#....##.##.#######
##......##.##.#
#.........##.#########


You could see a kobold.

Vanquished Creatures
  2 adders (D:2)
  An ooze (D:2)
  A worm (D:2)
  2 leopard geckos
  5 goblins
  4 hobgoblins
  3 jackals (D:1)
  5 bats
  A frilled lizard (D:1)
  3 kobolds (D:2)
  7 rats
34 creatures vanquished.

Notes
Turn   | Place    | Note
-------+----------+-------------------------------------------
     0 | D:1      | HexTechBomber the Troll Fighter began the quest for the Orb.
     0 | D:1      | Reached XP level 1. HP: 22/22 MP: 0/0
   189 | D:1      | Reached XP level 2. HP: 29/29 MP: 1/1
   917 | D:1      | You fall through a shaft!
  1437 | D:2      | Reached XP level 3. HP: 27/36 MP: 2/2
  1681 | D:2      | Slain by a kobold

Skill      XL: |  1  2 |
---------------+-------+-----
Axes           | 2 |  2.3
Fighting       | |  2.9
Dodging        | |  2.7
Shields        | |  2.7

Action                   || total
-------------------------++-------
Melee: War axe           ||    77
       Dagger            ||    25
Throw: Javelin           ||     1
  Use: Scroll            ||     2
       Potion            ||     2
  Eat: Chunk             ||    11
       Bread ration      ||     2
Armor: Robe              ||    43
Dodge: Dodged            ||    55
Block: Shield            ||    72
